cohdb
Replays
Latest Replays
All Replays
Popular Replays
Top Player Replays
Match Explorer
How It Works
Community
CoH3 Stats
Reddit
Sign in to upload your games and track your stats! →
Sign in with Steam
Match 39363673
Unlisted
Match 39363673
Overview
Messages
Build Orders
End
Vickers Machine Gun Team
Construct Section Command Post
Selects Heavy Armor Battlegroup
Infantry Section
Dingo Light Scout Car
Infantry Section
Construct Platoon Command Post
Selects Engineer Detachments
6-pounder Anti-tank Gun Team
Construct Field Infirmary
Construct Company Command Post
Royal Engineer Section
Selects Crusader AA Medium Tank
Selects Crusader AA Medium Tank
Selects UNKNOWN (2162094)
Churchill IV Heavy Tank
Foot Guards Section
Selects Light Vehicle Withdraw and Refit
Selects Radio Net
Royal Engineer Section
Churchill IV Heavy Tank
Selects Recon Artillery
Recon Artillery
Foot Guards Section
Arthyom
Batemanis
Jenasaie
hybroq
0
0
Comments
sign in to comment!
No comments posted yet!